 Dungeon Crawl Stone Soup version 0.19-a0-1035-gdbfb0c6 (webtiles) character file.

1013 UltraSvitz the Cleaver (level 8, 0/67 HPs)
             Began as a Minotaur Berserker on July 30, 2016.
             Was an Elder of Trog.
             Killed from afar by an electric eel (8 damage)
             ... with a bolt of electricity
             ... on level 6 of the Dungeon.
             The game lasted 00:23:20 (6007 turns).

UltraSvitz the Cleaver (Minotaur Berserker)         Turns: 6007, Time: 00:23:21

Health: 0/67       AC: 11    Str: 25    XL:     8   Next: 1%
Magic:  7/7        EV: 11    Int:  4    God:    Trog [****..]
Gold:   493        SH:  0    Dex:  9    Spells: 0 memorised, 7 levels left

rFire  . . .     SeeInvis .     a - +1 hand axe
rCold  . . .     Gourm    .     j - +1 scale mail
rNeg   . . .     Faith    .     (no shield)
rPois  .         Spirit   .     (helmet restricted)
rElec  .         Dismiss  .     (no cloak)
rCorr  .         Reflect  .     x - +2 pair of gloves
SustAt .         Harm     .     (no boots)
MR     .....                    (no amulet)
Stlth  ..........               (no ring)
                                (no ring)

@: not resistant to hostile enchantments, extremely unstealthy
A: retaliatory headbutt, horns 2
a: Berserk, Trog's Hand, Brothers in Arms, Burn Spellbooks, Renounce Religion


You were on level 6 of the Dungeon.
You worshipped Trog.
Trog was greatly pleased with you.
You were very hungry.

You visited 1 branch of the dungeon, and saw 6 of its levels.
You also visited: Sewer.

You collected 493 gold pieces.

Inventory:

Hand Weapons
 a - a +1 hand axe (weapon)
Armour
 b - a +0 animal skin
 j - a +1 scale mail (worn)
 x - a +2 pair of gloves (worn)
Jewellery
 q - an uncursed amulet of guardian spirit {unknown}
 A - an uncursed ring of fire {unknown}
 B - a cursed amulet of inaccuracy {unknown}
Scrolls
 f - a scroll of random uselessness
 i - 5 scrolls of identify
 r - a scroll of fear
 E - a scroll of remove curse
Potions
 d - 2 potions of lignification
 e - 3 potions of curing {unknown}
 h - a potion of heal wounds {unknown}
 n - a potion of agility {unknown}
 o - a potion of cure mutation {unknown}
 s - 2 potions of haste {unknown}
 u - 3 potions of berserk rage {unknown}
 v - 2 potions of flight {unknown}
 w - a potion of degeneration {unknown}
 C - a potion of mutation {unknown}
Comestibles
 c - 3 bread rations
 g - a royal jelly
 l - a meat ration
 z - a slice of pizza
 D - a beef jerky


   Skills:
 - Level 4.5 Fighting
 + Level 10.8 Axes
 - Level 3.3 Armour
 - Level 2.6 Dodging
 - Level 0.3 Stealth


You had 7 spell levels left.
You didn't know any spells.

Dungeon Overview and Level Annotations

Branches:
Dungeon (6/15)
 Temple: D:4-7

Altars:
Cheibriados
Fedhas
Okawaru
Pakellas
Qazlal
Sif Muna
Trog
Vehumet

Shops:
D:6 *


Innate Abilities, Weirdness & Mutations

You reflexively headbutt those who attack you in melee.
You have a pair of horns on your head.


Message History

You barely miss the electric eel. Your headbutt misses the electric eel.
You hit the plant but do no damage. You slash the electric eel!
The electric eel is almost dead.
You hit the plant.
The electric eel shoots out a bolt of lightning at you!
The bolt of electricity hits you!
* * * LOW HITPOINT WARNING * * *
You miss the electric eel.
The electric eel is almost dead.
You hit the plant but do no damage. You hit the electric eel.
You kill the electric eel!
Trog accepts your kill.
You have reached level 8!
You feel stronger.
You hit the plant but do no damage.
The electric eel shoots out a bolt of lightning at you!
The bolt of electricity hits you!
You die...

.......≈≈≈P≈♣≈P≈≈≈≈≈≈≈≈≈
.#.#..♣♣≈≈P≈≈≈≈≈≈≈≈≈≈≈≈≈≈
.....≈P≈≈≈≈♣≈≈≈≈≈≈≈≈≈≈≈≈≈
.#.#.P♣≈≈≈P≈≈≈≈≈≈;≈≈≈≈≈≈≈
.....≈♣P≈P≈≈≈≈≈≈≈≈≈≈≈≈≈≈≈
##.###P♣≈≈≈≈♣≈≈≈≈≈≈≈≈≈≈≈≈
#.# #♣♣≈≈♣≈≈♣≈≈≈≈≈≈≈≈≈≈
#.# #≈≈♣≈≈≈≈P≈≈†≈≈P≈≈≈≈
##.# ##≈♣≈♣≈≈≈P@≈≈PP≈≈≈≈
...## #..#P≈≈≈♣≈♣♣≈♣≈≈♣≈♣
....# #.######♣≈≈♣P♣ ♣♣
....###.##########.#
..............# ..
....#########.# ## ##.##
#.# #.# #.# #.# #<#


You could see an electric eel.

Vanquished Creatures
  Purgy (Sewer)
  A sky beast (D:6)
  A gnoll sergeant (D:5)
  4 scorpions
  An electric eel (D:6)
  A centaur zombie (D:6)
  A giant frog zombie (D:6)
  A giant frog skeleton (D:4)
  A hound (D:6)
  2 iguanas
  2 worker ants (D:5)
  A worker ant zombie (D:5)
  6 gnolls
  A river rat (D:3)
  8 adders
  A howler monkey skeleton (D:4)
  A shadow imp (D:5)
  An ooze (D:1)
  9 worms
  2 dart slugs
  3 giant geckos
  6 orcs
  3 ball pythons (D:3)
  7 giant cockroaches
  7 goblins
  12 hobgoblins
  3 jackals (D:4)
  9 kobolds
  11 bats
  6 giant newts
  A jackal skeleton (D:5)
  12 rats
126 creatures vanquished.

Notes
Turn   | Place    | Note
-------+----------+-------------------------------------------
     0 | D:1      | UltraSvitz the Minotaur Berserker began the quest for the Orb.
     0 | D:1      | Reached XP level 1. HP: 19/19 MP: 0/0
   276 | D:1      | Reached XP level 2. HP: 26/27 MP: 1/1
   657 | D:1      | Reached skill level 4 in Axes
   905 | D:2      | Reached XP level 3. HP: 30/33 MP: 2/2
  1089 | D:2      | Reached ** piety under Trog
  1204 | D:2      | Found an iron altar of Okawaru.
  1210 | D:2      | Found a deep blue altar of Sif Muna.
  1210 | D:2      | Found a snail-covered altar of Cheibriados.
  1883 | D:2      | Reached XP level 4. HP: 41/41 MP: 3/3
  2302 | D:3      | Found a glowing drain.
  2321 | Sewer    | Entered a sewer
  2336 | Sewer    | Reached skill level 5 in Axes
  2337 | Sewer    | Reached *** piety under Trog
  2356 | Sewer    | Noticed Purgy
  2369 | Sewer    | Killed Purgy
  2369 | Sewer    | Reached skill level 6 in Axes
  2369 | Sewer    | Reached XP level 5. HP: 22/47 MP: 4/4
  2632 | D:3      | Found an oddly glowing altar of Pakellas.
  2717 | D:3      | Found a radiant altar of Vehumet.
  3173 | D:3      | Reached skill level 7 in Axes
  3173 | D:3      | Reached XP level 6. HP: 50/53 MP: 5/5
  3478 | D:3      | You fall through a shaft!
  3478 | D:4      | Found a stormy altar of Qazlal.
  3608 | D:4      | Found a blossoming altar of Fedhas.
  3948 | D:4      | Found a bloodstained altar of Trog.
  4054 | D:5      | Entered Level 5 of the Dungeon
  4113 | D:5      | Reached skill level 8 in Axes
  4154 | D:5      | HP: 1/79 [gnoll/flail (4)]
  4157 | D:5      | Reached XP level 7. HP: 3/60 MP: 6/6
  4157 | D:5      | Reached skill level 9 in Axes
  4778 | D:5      | Reached **** piety under Trog
  5577 | D:6      | Reached skill level 10 in Axes
  5583 | D:6      | Found Ineb's Assorted Antiques.
  6004 | D:6      | Reached XP level 8. HP: 7/67 MP: 7/7
  6007 | D:6      | Killed from afar by an electric eel

Vault maps used:
D:1:      grunt_arrival_lava_bath
D:2:      minitemple, serial_curves, eino_curves_01, eino_curves_03, first_bread
D:3:      fiery_altar_vehumet, portal_sewer_entry_e, grunt_ministairs_3,
          grunt_pakellas_mercury
D:4:      fedhas_altar_4, bloody_trog, overflow_temple_1_default,
          serial_bayou_lagoon_a, hex_medium, wad_floor_pattern_2,
          glass_columns_b, kennysheep_generic_room_11
D:6:      serial_shops, shop_statue, serial_bayou_lake_a
Sewer:    sewer_big_baddie

Skill      XL: |  1  2  3  4  5  6  7 |
---------------+----------------------+-----
Fighting       | 4 |  4.5
Axes           | 4 6 7 8 10 | 10.8
Armour         | 3 |  3.3
Dodging        | |  2.6
Stealth        | |  0.3

Action                   |  1- 3 |  4- 6 |  7- 9 || total
-------------------------+-------+-------+-------++-------
Melee: Hand axe          |    87 |   171 |    70 ||   328
       Headbutt          |    16 |    30 |    10 ||    56
Invok: Berserk           |       |     2 |       ||     2
       Trog's Hand       |       |     1 |       ||     1
  Use: Scroll            |       |     2 |     9 ||    11
  Eat: Chunk             |     3 |     8 |     2 ||    13
       Bread ration      |       |       |     1 ||     1
Armor: Animal skin       |     4 |       |       ||     4
       Scale mail        |    23 |    87 |    18 ||   128
Dodge: Dodged            |    49 |   139 |    24 ||   212
